 Dungeon Crawl Stone Soup version 0.30-a0-272-gf98c3da03f (webtiles) character file.

Game seed: 4199838398418843389

93 sleeves the Shooter (level 4, -1/36 HPs)
             Began as a Demigod Hunter on Oct 16, 2022.
             Slain by a gnoll
             ... wielding a +0 flail
              (10 damage)
             ... on level 2 of the Dungeon.
             The game lasted 00:01:17 (921 turns).

sleeves the Shooter (Demigod Hunter)                 Turns: 921, Time: 00:01:17

Health: -1/36      AC:  3    Str: 12    XL:     4   Next: 14%
Magic:  15/15      EV: 12    Int: 11    God:
Gold:   85         SH:  0    Dex: 21    Spells: 3/3 levels left

rFire   . . .      SeeInvis .    a - +0 shortbow
rCold   . . .      Faith    .    (shield currently unavailable)
rNeg    . . .      Spirit   .    c - +0 leather armour
rPois   .          Reflect  .    (no helmet)
rElec   .          Harm     +    j - scarf {harm}
rCorr   .          Rampage  .    (no gloves)
Will    .....                    (no boots)
Stlth   ++........               (no amulet)
HPRegen 0.26/turn                i - ring of magical power
MPRegen 0.14/turn                (no ring)

@: no status effects
A: high MP 1, forlorn, divine attributes
a: no special abilities


You were on level 2 of the Dungeon.
You visited 1 branch of the dungeon, and saw 2 of its levels.

You collected 85 gold pieces.

Inventory:

Hand Weapons
 a - a +0 shortbow (weapon)
Armour
 c - a +0 leather armour (worn)
 j - a scarf of harm (worn)
   (You found it on level 1 of the Dungeon)
Jewellery
 i - a ring of magical power (left hand)
   (You found it on level 1 of the Dungeon)
 l - a ring of poison resistance
   (You found it on level 1 of the Dungeon)
Scrolls
 b - 2 scrolls of immolation
 f - 3 scrolls of identify {unknown}
 g - a scroll of torment {unknown}
 h - a scroll of fear {unknown}
 k - a scroll of silence {unknown}
 m - a scroll of poison {unknown}
 o - 2 scrolls of noise {unknown}
 r - a scroll of teleportation {unknown}
Potions
 d - a potion of might {unknown}
 e - 2 potions of brilliance {unknown}
 n - 2 potions of degeneration {unknown}
 p - a potion of attraction {unknown}
 q - a potion of lignification {unknown}


   Skills:
 - Level 1.7 Fighting
 + Level 5.3 Ranged Weapons
 - Level 1.7 Dodging
 - Level 0.8 Stealth


You had 3 spell levels left.
You didn't know any spells.
Your spell library contained the following spells:

 Spells                   Type           Power      Damage    Failure   Level
 Vhi's Electric Charge    Tloc/Air       0%         N/A       80%         3
 Arcjolt                  Conj/Air       0%         1d10      100%        5
 Maxwell's Capacitive Co  Air            0%         ∞         100%        8


Dungeon Overview and Level Annotations

Branches:
Dungeon (2/15)


Innate Abilities, Weirdness & Mutations

You have an increased reservoir of magic. (+10% MP)
You shall have no god before yourself.
Your divine heritage dramatically boosts your attributes as you level up.


Message History

Welcome, sleeves the Demigod Hunter.
Below lies the Orb of Zot, rumoured to be powerful enough to resurrect a god...
Press ? for a list of commands and other information.
Found a staircase leading out of the dungeon.
You open the door.
There is an open door here.
Found a hand axe.
A quokka comes into view.
A quokka is nearby!
A quokka is nearby!
You shoot an arrow. The arrow hits the quokka.
The quokka is almost dead.
You shoot an arrow. The arrow hits the quokka.
You kill the quokka!
A dart slug comes into view.
You shoot an arrow. The arrow hits the dart slug.
The dart slug is lightly wounded.
You shoot an arrow. The arrow hits the dart slug.
The dart slug is severely wounded.
The dart slug launches a dart at you. The slug dart hits you.
You shoot an arrow. The arrow hits the dart slug.
You kill the dart slug!
HP restored.
You now have 9 gold pieces.
d - a puce potion A bat comes into view.
The bat moves out of view.
No target in view!
No target in view!
No target in view!
The bat closely misses you.
A bat is nearby!
A bat is nearby!
You shoot an arrow. The arrow hits the bat.
You kill the bat!
No target in view!
No target in view!
Found 4 boomerangs of dispersal.
No target in view!
No target in view!
No target in view!
You open the door.
There is an open door here.
Found 4 stones.
A frilled lizard comes into view.
You see here 19 gold pieces.
You shoot an arrow.
The arrow hits the frilled lizard but does no damage.
The frilled lizard hisses angrily.
A frilled lizard is nearby!
You shoot an arrow. The arrow hits the frilled lizard!
You kill the frilled lizard!
You now have 28 gold pieces (gained 19).
A kobold comes into view. It is wielding a +0 club.
The kobold shouts!
You shoot an arrow. The arrow hits the kobold.
The kobold is heavily wounded.
You hear a shout!
A kobold is nearby!
A kobold is nearby!
You shoot an arrow. The arrow closely misses the kobold.
A goblin comes into view. It is wielding a +0 club.
You shoot an arrow. The arrow hits the kobold!
You kill the kobold!
Your Ranged Weapons skill increases to level 4!
A goblin is nearby!
You shoot an arrow. The arrow closely misses the goblin.
You shoot an arrow.
The arrow hits the goblin but does no damage.
The goblin closely misses you.
You shoot an arrow. The arrow barely misses the goblin.
The goblin hits you but does no damage.
A goblin is nearby!
A goblin is nearby!
You shoot an arrow. The arrow misses the goblin.
The goblin hits you but does no damage. The goblin hits you with a +0 club.
A goblin is nearby!
You shoot an arrow. The arrow hits the goblin!
You kill the goblin!
No target in view!
No target in view!
Found an escape hatch in the floor.
You see here a +0 club.
A quokka comes into view.
A quokka is nearby!
You shoot an arrow. The arrow hits the quokka.
You kill the quokka!
No target in view!
No target in view!
Found a stone staircase leading down.
You see here a +0 club.
Found a stone staircase leading down.
No target in view!
No target in view!
There is a stone staircase leading down here.
e - 2 bubbling ruby potions No target in view!
f - a scroll labelled FAONAT PIUROLE No target in view!
You see here a dart slug corpse.
Found 4 stones.
No target in view!
No target in view!
A ball python comes into view.
A ball python is nearby!
A ball python is nearby!
A ball python is nearby!
You shoot an arrow. The arrow hits the ball python.
The ball python hisses angrily.
The ball python is severely wounded.
You shoot an arrow.
The arrow hits the ball python but does no damage.
The ball python is severely wounded.
A ball python is nearby!
A ball python is nearby!
You shoot an arrow.
The arrow closely misses the ball python.
The ball python bites you. The ball python barely misses you.
A ball python is nearby!
A ball python is nearby!
A ball python is nearby!
You shoot an arrow.
The arrow closely misses the ball python.
The ball python bites you. The ball python closely misses you.
A ball python is nearby!
You shoot an arrow. The arrow hits the ball python!
You kill the ball python!
You have reached level 2!
You now have 35 gold pieces (gained 7).
A goblin comes into view. It is wielding a +0 club.
Found a scroll labelled UPHATYIZAA.
A goblin is nearby!
A goblin is nearby!
A goblin is nearby!
You shoot an arrow. The arrow hits the goblin!
You kill the goblin!
No target in view!
No target in view!
No target in view!
No target in view!
Found a stone staircase leading down.
g - a scroll labelled UPHATYIZAA
There is a stone staircase leading down here.
A kobold comes into view. It is wielding a +0 club.
The kobold throws a stone.
The stone hits you.
You shoot an arrow. The arrow barely misses the kobold.
You shoot an arrow.
The arrow hits the kobold but does no damage.
You shoot an arrow. The arrow hits the kobold!
You kill the kobold!
h - a scroll labelled MIQADDYCUI A bat comes into view.
You shoot an arrow. The arrow barely misses the bat.
A bat is nearby!
You shoot an arrow. The arrow misses the bat.
The bat barely misses you. The bat hits you but does no damage.
You shoot an arrow. The arrow hits the bat.
The bat is severely wounded.
The bat misses you. x2
You shoot an arrow. The arrow hits the bat.
You kill the bat!
i - a ring of magical power You feel your magic capacity increase.
i - a ring of magical power (left hand) Magic restored.
A quokka comes into view.
A quokka is nearby!
A quokka is nearby!
You shoot an arrow. The arrow hits the quokka.
You kill the quokka!
No target in view!
No target in view!
No target in view!
A kobold comes into view. It is wielding a +0 dagger.
The kobold shouts!
You hear a shout!
The kobold throws a stone.
The stone hits you but does no damage.
A kobold is nearby!
A kobold is nearby!
You shoot an arrow. The arrow hits the kobold.
The kobold is moderately wounded.
You shoot an arrow. The arrow hits the kobold.
You kill the kobold!
No target in view!
No target in view!
No target in view!
Found a faded altar of an unknown god.
A goblin comes into view. It is wielding a +0 dagger.
A goblin is nearby!
You shoot an arrow. The arrow closely misses the goblin.
You shoot an arrow. The arrow closely misses the goblin.
You shoot an arrow. The arrow barely misses the goblin.
You shoot an arrow. The arrow hits the goblin.
The goblin is almost dead.
The goblin hits you but does no damage.
A goblin is nearby!
You shoot an arrow. The arrow barely misses the goblin.
The goblin hits you but does no damage. The goblin barely misses you.
You shoot an arrow. The arrow hits the goblin!
You kill the goblin!
Found a ring mail.
No target in view!
No target in view!
You now have 44 gold pieces (gained 9).
j - a scarf of harm No target in view!
You start putting on your armour.
You continue putting on your scarf of harm. x4
You finish putting on your scarf of harm.
A rat comes into view.
A rat is nearby!
A rat is nearby!
A rat is nearby!
You shoot an arrow. The arrow hits the rat!
You kill the rat!
No target in view!
An endoplasm comes into view.
The endoplasm moves out of view.
You see here a +0 ring mail.
You see here 13 gold pieces.
An endoplasm is nearby!
An endoplasm is nearby!
You shoot an arrow. The endoplasm quivers.
The arrow hits the endoplasm!
You kill the endoplasm!
No target in view!
You now have 57 gold pieces (gained 13).
k - a scroll labelled WUASYO DAROLUR You see here a rat corpse.
You pick up Maxwell's Memoranda and begin reading...
You add the spells Vhi's Electric Charge, Arcjolt and Maxwell's Capacitive Coupling to your library.
You now have 65 gold pieces (gained 8).
l - a ring of poison resistance You see here a +0 ring mail.
A giant cockroach comes into view.
A giant cockroach is nearby!
A giant cockroach is nearby!
You shoot an arrow. The arrow hits the giant cockroach.
The giant cockroach is heavily wounded.
A giant cockroach is nearby!
You shoot an arrow. The arrow hits the giant cockroach.
The giant cockroach is almost dead.
A giant cockroach is nearby!
You shoot an arrow. The arrow hits the giant cockroach.
You kill the giant cockroach!
There is a stone staircase leading down here.
A goblin comes into view. It is wielding a +0 dagger.
A goblin is nearby!
A goblin is nearby!
You shoot an arrow. The arrow hits the goblin!
You kill the goblin!
A frilled lizard comes into view.
The frilled lizard hisses angrily.
You shoot an arrow.
The arrow closely misses the frilled lizard.
A frilled lizard is nearby!
You shoot an arrow.
The arrow closely misses the frilled lizard.
A frilled lizard is nearby!
A frilled lizard is nearby!
You shoot an arrow. The arrow hits the frilled lizard.
You kill the frilled lizard!
Found a chain mail.
f - 2 scrolls labelled FAONAT PIUROLE (gained 1)
Found a robe.
m - a scroll labelled PISMUJILOM No target in view!
There is an escape hatch in the floor here.
You open the door.
Done exploring.
Done exploring.
Done exploring.
Done exploring.
(D) Dungeon
Where to? (? - help)
There is a stone staircase leading down here.
You climb downwards.
Found four items.
Found a stone staircase leading down.
There is a stone staircase leading up here.
A hobgoblin is nearby!
A hobgoblin is nearby!
A hobgoblin is nearby!
You shoot an arrow. The arrow hits the hobgoblin.
You kill the hobgoblin!
No target in view!
A gnoll comes into view. It is wielding a +0 spear.
Found 8 stones.
The gnoll moves out of view.
n - 2 metallic orange potions You see here 5 stones.
A gnoll is nearby!
A gnoll is nearby!
You shoot an arrow. The arrow hits the gnoll!
You kill the gnoll!
You hear a shout! x2
A gnoll comes into view. It is wielding a +0 flail.
A gnoll comes into view. It is wielding a +0 club.
You hear a shout!
You have reached level 3!
Your experience leads to a dramatic increase in your attributes!
Increase (S)trength, (I)ntelligence, or (D)exterity?
You feel agile. x4
There is a stone staircase leading up here.
You shoot an arrow. The arrow hits the gnoll!
You kill the gnoll!
You shoot an arrow.
The arrow hits the gnoll but does no damage.
You shoot an arrow. The arrow hits the gnoll!
The gnoll is severely wounded.
You shoot an arrow. The arrow barely misses the gnoll.
You shoot an arrow. The arrow hits the gnoll.
The gnoll is severely wounded.
A gnoll comes into view. It is wielding a +0 whip.
The gnoll closely misses you.
You shoot an arrow. The arrow closely misses the gnoll.
The gnoll hits you with a +0 club.
You shoot an arrow. The arrow completely misses the gnoll.
The arrow hits the gnoll!
The gnoll is severely wounded.
The gnoll closely misses you.
You shoot an arrow. The arrow barely misses the gnoll.
The arrow hits the gnoll.
You kill the gnoll!
The gnoll hits you with a +0 club.
You shoot an arrow. The arrow hits the gnoll.
The gnoll is almost dead.
The gnoll hits you with a +0 club. x2
* * * LOW HITPOINT WARNING * * *
Fire: a) +0 shortbow
Press: ? - help, Q - select action Shift-Dir - straight line, f/p - gnoll
Aim: a gnoll, wielding a +0 club (almost dead, 68% to hit)
You shoot an arrow. The arrow barely misses the gnoll.
The gnoll completely misses you.
Fire: a) +0 shortbow
Press: ? - help, Q - select action Shift-Dir - straight line, f/p - gnoll
Aim: a gnoll, wielding a +0 club (almost dead, 68% to hit)
You shoot an arrow. The arrow barely misses the gnoll.
The gnoll hits you with a +0 club.
* * * LOW HITPOINT WARNING * * *
Fire: a) +0 shortbow
Press: ? - help, Q - select action Shift-Dir - straight line, f/p - gnoll
Aim: a gnoll, wielding a +0 club (almost dead, 68% to hit)
You shoot an arrow. The arrow hits the gnoll!
You kill the gnoll!
Your Ranged Weapons skill increases to level 5!
An endoplasm comes into view.
You are too injured to fight recklessly!
Fire: a) +0 shortbow
Press: ? - help, Q - select action Shift-Dir - straight line, f - endoplasm
Aim: an endoplasm (wandering, hasn't noticed you, 87% to hit)
You shoot an arrow. The arrow barely misses the endoplasm.
The endoplasm quivers.
Fire: a) +0 shortbow
Press: ? - help, Q - select action Shift-Dir - straight line, f/p - endoplasm
Aim: an endoplasm (87% to hit)
You shoot an arrow. The arrow hits the endoplasm.
You kill the endoplasm!
HP restored.
o - 2 scrolls labelled IKAX VONLUPRE
Found a leather armour.
An endoplasm comes into view.
Things that are here:
a +0 flail; a glowing orange potion; 2 gold pieces An endoplasm is nearby!
You shoot an arrow. The endoplasm quivers.
The arrow hits the endoplasm but does no damage.
An endoplasm is nearby!
You shoot an arrow. The arrow hits the endoplasm.
The endoplasm is lightly wounded.
An endoplasm is nearby!
An endoplasm is nearby!
You shoot an arrow. The arrow hits the endoplasm.
The endoplasm is severely wounded.
An endoplasm is nearby!
An endoplasm is nearby!
You shoot an arrow. The arrow hits the endoplasm.
You kill the endoplasm!
p - a glowing orange potion You now have 67 gold pieces (gained 2).
You see here a +0 flail.
Found a chain mail.
You now have 81 gold pieces (gained 14).
Found a stone staircase leading down.
A kobold comes into view. It is wielding a +0 dagger.
You shoot an arrow. The arrow hits the kobold.
The kobold is moderately wounded.
You shoot an arrow. The arrow hits the kobold.
You kill the kobold!
Found an ornate altar of the Wu Jian Council.
b - 2 scrolls of immolation (gained 1)
q - a smoky purple potion A quokka comes into view.
You shoot an arrow. The arrow closely misses the quokka.
You shoot an arrow. The arrow hits the quokka.
You kill the quokka!
No target in view!
f - 3 scrolls labelled FAONAT PIUROLE (gained 1)
You see here a quokka corpse.
Found a stone staircase leading down.
r - a scroll labelled RUMOTHIAQU You now have 85 gold pieces (gained 4).
A ball python comes into view.
A ball python is nearby!
You shoot an arrow. The arrow hits the ball python.
The ball python hisses angrily.
The ball python is moderately wounded.
A ball python is nearby!
You shoot an arrow. The arrow hits the ball python!
You kill the ball python!
A gnoll comes into view. It is wielding a +0 spear.
A gnoll is nearby!
A gnoll is nearby!
A gnoll is nearby!
You shoot an arrow. The gnoll shouts!
The arrow hits the gnoll.
The gnoll is moderately wounded.
You shoot an arrow. The arrow hits the gnoll.
The gnoll is severely wounded.
A gnoll comes into view. It is wielding a +0 flail.
The gnoll moves out of view.
You shoot an arrow. The arrow hits the gnoll!
You kill the gnoll!
You have reached level 4!
A gnoll comes into view. It is wielding a +2 vampiric spear.
A gnoll is nearby!
A gnoll is nearby!
You shoot an arrow. The gnoll shouts!
The arrow hits the gnoll.
The gnoll is heavily wounded.
You shoot an arrow. The arrow barely misses the gnoll.
You shoot an arrow.
The arrow hits the gnoll but does no damage.
The gnoll is heavily wounded.
You shoot an arrow. The arrow closely misses the gnoll.
The arrow hits the gnoll!
You kill the gnoll!
You shoot an arrow. The arrow hits the gnoll.
The gnoll is moderately wounded.
You shoot an arrow. The arrow barely misses the gnoll.
You shoot an arrow. The arrow hits the gnoll.
The gnoll is moderately wounded.
The gnoll barely misses you.
You shoot an arrow. The arrow barely misses the gnoll.
The gnoll hits you with a +0 flail.
You shoot an arrow. The arrow hits the gnoll.
The gnoll is moderately wounded.
The gnoll closely misses you.
You shoot an arrow.
The arrow hits the gnoll but does no damage.
The gnoll is moderately wounded.
The gnoll hits you with a +0 flail. The gnoll hits you with a +0 flail!
You are too injured to fight recklessly!
Fire: a) +0 shortbow
Press: ? - help, Q - select action Shift-Dir - straight line, f/p - gnoll
Aim: a gnoll, wielding a +0 flail (moderately wounded, 68% to hit)
You shoot an arrow. The arrow hits the gnoll.
The gnoll is severely wounded.
The gnoll hits you with a +0 flail!
* * * LOW HITPOINT WARNING * * *
Fire: a) +0 shortbow
Press: ? - help, Q - select action Shift-Dir - straight line, f/p - gnoll
Aim: a gnoll, wielding a +0 flail (severely wounded, 68% to hit)
You shoot an arrow. The arrow closely misses the gnoll.
The gnoll hits you with a +0 flail!
You die...

.# .# .. .# .. .# #)
.# #. .# #)## .# ..#
### #g# ..### #@#
....# #.# ....#######
#.#
..........######.###
..#................#
..#.####...........#
..#.###########....##
..#...## #.....#
....#..## #.....#


You could see a gnoll.

Vanquished Creatures
  6 gnolls (D:2)
  A dart slug (D:1)
  3 endoplasms
  A giant cockroach (D:1)
  4 goblins (D:1)
  A hobgoblin (D:2)
  4 kobolds
  4 quokkas
  2 ball pythons
  2 bats (D:1)
  2 frilled lizards (D:1)
  A rat (D:1)
31 creatures vanquished.

Notes
Turn   | Place    | Note
-------+----------+-------------------------------------------
     0 | D:1      | sleeves the Demigod Hunter began the quest for the Orb.
     0 | D:1      | Reached XP level 1. HP: 17/17 MP: 3/3
   104 | D:1      | Reached skill level 4 in Ranged Weapons
   238 | D:1      | Reached XP level 2. HP: 19/24 MP: 4/4
   707 | D:2      | Reached XP level 3. HP: 29/29 MP: 5/5
   717 | D:2      | HP: 12/29 [gnoll/+0 club (3)]
   721 | D:2      | Reached skill level 5 in Ranged Weapons
   909 | D:2      | Reached XP level 4. HP: 36/36 MP: 6/6
   920 | D:2      | HP: 9/36 [gnoll/+0 flail (13)]
   921 | D:2      | Slain by a gnoll

Illustrated notes

Levels and vault maps discovered:
D:1:      lightli_arrival_quake, layout_basic,
          hellmonk_ecumenical_altar_lost_god
D:2:      layout_rooms, serial_shops, shop_fountains, basic_altar

Skill      XL: |  1  2  3 |
---------------+----------+-----
Ranged Weapons | 4 5 |  5.3
Fighting       | |  1.7
Dodging        | |  1.7
Stealth        | |  0.8

Action                   |  1- 3 |  4- 6 || total
-------------------------+-------+-------++-------
 Fire: Shortbow          |    77 |    12 ||    89
Armor: Leather armour    |     6 |       ||     6
Dodge: Dodged            |    11 |     2 ||    13

Table legend: (Time is in decaauts)
 A = Elapsed time spent in this place.
 B = Non-inter-level travel time spent in this place.
 C = Inter-level travel time spent in this place.
 D = Time resting spent in this place.
 E = Time spent auto-exploring this place.
 F = Levels seen in this place.
 G = Mean time per level.
                   A        B        C        D        E       F      G
               +--------+--------+--------+--------+--------+-----+--------+
         Total |    947 |    936 |     11 |      0 |    751 |   2 |  473.5 |
       Dungeon |    947 |    936 |     11 |      0 |    751 |   2 |  473.5 |
               +--------+--------+--------+--------+--------+-----+--------+

Top non-repeatable levels by time:
     D:1: 716 daAuts
     D:2: 231 daAuts
